 Dungeon Crawl Stone Soup version 0.31-a0-631-g285b096dc4 (webtiles) character file.

Game seed: 1374793745992542539

374468 Newt the Impregnable (level 22, -30/126 HPs)
             Began as a Gargoyle Fighter on Aug 25, 2023.
             Was the Champion of Hepliaklqana.
             Killed from afar by an ancient lich (56 damage)
             ... with a crystal spear
             ... on level 6 of the Abyss.
             The game lasted 01:10:32 (36750 turns).

Newt the Impregnable (Gargoyle Fighter)            Turns: 36750, Time: 01:10:33

Health: -30/126    AC: 63    Str: 37    XL:     22   Next: 36%
Magic:  11/36      EV:  8    Int: 11    God:    Hepliaklqana [******]
Gold:   3410       SH: 15    Dex:  9    Spells: 37/41 levels left

rFire   + + .        Z - +7 demon whip (vamp)
rCold   + + .        u - +5 kite shield {AC+3}
rNeg    + + .        N - +6 crystal plate armour
rPois   ∞            g - -2 hat of the Alchemist {rElec rPois rF+ rC+ rN+ Will+ rMut rCorr}
rElec   +            W - +2 cloak {rCorr}
rCorr   +            y - +1 pair of gloves {Str+3}
SInv    .            o - +2 pair of boots
Will    ++...        Q - amulet "Xaos" {Regen+ Str+7 Int-2} Stlth
                     c - +4 ring of slaying
HPRegen 1.21/turn    F - ring of protection from fire
MPRegen 0.25/turn

%: resist mutation
@: mighty, about to teleport, flying, hasted, very quick
A: reduced essence, sickness immunity, AC +16, big wings, negative energy
resistance 1, electricity resistance, torment resistance 1, petrification
resistance, antennae 1, cold resistance 1, shaggy fur 1
}: 3/15 runes: decaying, slimy, gossamer
a: Renounce Religion, Recall Ancestor, Ancestor Identity, Transference, Idealise


You were on level 6 of the Abyss.
You worshipped Hepliaklqana.
Hepliaklqana was exalted by your worship.
You visited 7 branches of the dungeon, and saw 38 of its levels.
You visited the Abyss 2 times.
You also visited: Trove, Ossuary, Bailey and Gauntlet.

You collected 5077 gold pieces.
You spent 1667 gold pieces at shops.

Inventory:

Hand Weapons
 M - a +6 flail of draining
 Z - a +7 vampiric demon whip (weapon)
Missiles
 w - a throwing net
Armour
 g - the -2 hat of the Alchemist (worn) {rElec rPois rF+ rC+ rN+ Will+ rMut rCorr}
   (You found it on level 4 of the Spider Nest)

   rF+:       It protects you from fire.
   rC+:       It protects you from cold.
   rElec:     It insulates you from electricity.
   rPois:     It protects you from poison rN+: It protects you from negative
   energy.
   Will+:     It increases your willpower.
   rCorr:     It protects you from acid and corrosion.
   rMut:      It protects you from mutation.
 o - a +2 pair of boots (worn)
 u - a +5 kite shield of protection (worn)
 y - a +1 pair of gloves of strength (worn)
 N - a +6 crystal plate armour (worn)
 W - a +2 cloak of preservation (worn)
Jewellery
 c - a +4 ring of slaying (left hand)
 f - a ring of protection from cold
 E - a ring of wizardry
 F - a ring of protection from fire (right hand)
 H - a ring of positive energy
 Q - the amulet "Xaos" (around neck) {Regen+ Str+7 Int-2}
   (You found it on level 5 of the Lair of Beasts)

   [amulet of regeneration]

   Str+7:     It affects your strength (+7).
   Int-2:     It affects your intelligence (-2).
   Regen+:    It increases your rate of health regeneration.
 S - the macabre finger necklace {Finger+ rN+}
   (You took it off a tengu warrior on level 14 of the Dungeon)

   [amulet of nothing]

   Finger+:   It enables you to equip an extra ring.
   rN+:       It protects you from negative energy.
Wands
 t - a wand of flame (10)
 v - a wand of mindburst (14)
 A - a wand of polymorph (18)
 C - a wand of charming (4)
 I - a wand of light (12)
 P - a wand of iceblast (12)
 T - a wand of digging (12)
Scrolls
 a - 2 scrolls of poison
 l - a scroll of amnesia
 s - 2 scrolls of summoning
 D - 10 scrolls of teleportation
 J - 2 scrolls of enchant armour
 K - 11 scrolls of identify
 U - 4 scrolls of revelation
 Y - 2 scrolls of fear
Potions
 d - 4 potions of might
 e - 3 potions of lignification
 h - 2 potions of mutation
 i - 2 potions of invisibility
 j - 4 potions of brilliance
 k - 5 potions of haste
 m - 11 potions of curing
 n - 3 potions of resistance
 q - a potion of berserk rage
 r - 3 potions of magic
 x - 11 potions of heal wounds
 z - a potion of cancellation
 G - 5 potions of ambrosia
 V - 5 potions of attraction
Miscellaneous
 b - a condenser vane (inert)
 p - a lightning rod (4/4)
 B - a phantom mirror
 R - a sack of spiders (inert)


   Skills:
 - Level 15.0 Fighting
 - Level 20.0 Maces & Flails
 - Level 22.0 Armour
 - Level 10.0 Shields
 - Level 10.0 Spellcasting
 + Level 8.3 Hexes
 + Level 10.8 Earth Magic
 - Level 9.0 Invocations
 - Level 15.0 Evocations


You had 37 spell levels left.
You knew the following spells:

 Your Spells              Type           Power      Damage    Failure   Level
a - Leda's Liquefaction   Hex/Erth       13%        N/A       22%         4

Your spell library contained the following spells:

 Spells                   Type           Power      Damage    Failure   Level
 Tukima's Dance           Hex            23%        N/A       11%         3
 Passwall                 Tmut/Erth      14%        N/A       19%         2
 Ensorcelled Hibernation  Hex/Ice        28%        N/A       28%         2
 Portal Projectile        Hex/Tloc       28%        N/A       50%         3
 Summon Guardian Golem    Hex/Summ       14%        N/A       50%         3
 Apportation              Tloc           10%        N/A       71%         1
 Foxfire                  Conj/Fire      20%        2x1d5     71%         1
 Freeze                   Ice            20%        1d4       71%         1
 Necrotise                Necr           20%        1d5       71%         1
 Summon Small Mammal      Summ           20%        N/A       71%         1
 Petrify                  Tmut/Erth      17%        N/A       75%         4
 Lesser Beckoning         Tloc           10%        N/A       85%         2
 Fulminant Prism          Conj/Hex       7%         3d7       88%         4
 Call Canine Familiar     Summ           5%         N/A       97%         3
 Frozen Ramparts          Ice            10%        1d2       97%         3
 Gell's Gravitas          Tloc           5%         N/A       97%         3
 Hailstorm                Conj/Ice       5%         3d4       97%         3
 Ozocubu's Armour         Ice            5%         N/A       97%         3
 Swiftness                Air            5%         N/A       97%         3
 Teleport Other           Tloc           5%         N/A       97%         3
 Vhi's Electric Charge    Tloc/Air       10%        N/A       97%         3
 Volatile Blastmotes      Fire/Tloc      10%        2d10      97%         3
 Borgnjor's Vile Clutch   Necr/Erth      8%         N/A       97%         5
 Metabolic Englaciation   Hex/Ice        7%         N/A       99%         5
 Silence                  Hex/Air        7%         N/A       99%         5
 Summon Mana Viper        Hex/Summ       14%        N/A       99%         5
 Animate Dead             Necr           5%         N/A       100%        4
 Iskenderun's Mystic Bla  Conj/Tloc      5%         2d3       100%        4
 Manifold Assault         Tloc           5%         N/A       100%        4
 Passage of Golubria      Tloc           5%         N/A       100%        4
 Arcjolt                  Conj/Air       2%         1d12      100%        5
 Summon Forest            Summ/Tloc      2%         N/A       100%        5
 Death Channel            Necr           2%         N/A       100%        6
 Dispersal                Tloc           2%         N/A       100%        6
 Plasma Beam              Fire/Air       2%         2x1d12    100%        6
 Simulacrum               Ice/Necr       2%         N/A       100%        6
 Starburst                Conj/Fire      2%         6d3       100%        6
 Summon Cactus Giant      Summ           2%         N/A       100%        6
 Haunt                    Necr/Summ      2%         N/A       100%        7
 Disjunction              Tloc           2%         N/A       100%        8
 Infestation              Necr           2%         N/A       100%        8
 Lehudib's Crystal Spear  Conj/Erth      8%         10d4      100%        8


Dungeon Overview and Level Annotations

Branches:
Dungeon (15/15)            Temple (0/1) D:5            Lair (5/5) D:9
  Swamp (4/4) Lair:2       Spider (4/4) Lair:3        Slime (5/5) Lair:4
    Orc (2/2) D:11            Elf (3/3) Orc:2        Vaults (0/5) D:13
 Depths (0/4) D:15        Ossuary (visited)          Bailey (visited)
Gauntlet (visited)

Altars:
Dithmenos
Elyvilon
Fedhas
Gozag
Hepliaklqana
Nemelex Xobeh
Qazlal
Ru
Vehumet
Wu Jian
Xom
Zin
The Shining One
Jiyva

Shops:
D:6 *   D:15 ([   Orc:2 *[[=   Elf:1 (   Elf:3 *


Innate Abilities, Weirdness & Mutations

Your life essence is reduced to manifest your ancestor. (-10% HP)
You are immune to sickness and miasma.
Your stone body is resilient. (AC +16)
You are immune to poison.
Your large and strong wings let you fly.
You resist negative energy. (rN+)
You are resistant to electric shocks. (rElec)
You are resistant to unholy torment.
You are immune to petrification.
You have a pair of small antennae on your head.
Your flesh is cold resistant. (rC+)
You are covered in fur. (AC +1)


Message History

You thrash the thrashing horror!!
You destroy the thrashing horror!
Your tarantella is engulfed in blazing flames.
You kill your tarantella!
Your tarantella's corpse disappears in a puff of smoke!
You hear some strange, mumbled words.
A bolt of acid appears from out of thin air!
The bolt of acid misses you.
The spatial maelstrom hits you but does no damage. x2
Your redback is engulfed in poison gas.
Your redback looks as sick as possible!
Your redback bites the efreet!
The efreet looks as sick as possible!
Your redback poisons the efreet!
Unknown command.
Unknown command.
You thrash the spatial maelstrom!!
You destroy the spatial maelstrom!
Something touches you but does no damage.
The spatial vortex hits your steelbarb worm!
Your steelbarb worm dies!
Your steelbarb worm's corpse disappears in a puff of smoke!
Something you can't see is thrashing in a web.
A spatial vortex comes into view.
You feel the corruption within you wane completely.
You no longer feel vulnerable to heat.
Unknown command.
Unknown command.
Unknown command.
You punish the hellephant, causing immense pain!!!
The hellephant is heavily wounded.
You hear a roar!
The starcursed mass is no longer covered in acid.
The wretched star pulses with an eldritch light!
Your redback twists and deforms.
The bone dragon is engulfed in freezing vapours.
A spatial vortex comes into view.
You hear some strange, mumbled words.
A crystal spear appears from out of thin air!
The crystal spear hits you!!!
You die...

, .§W ,§.# XX
#§v §§ X§# §#3{
vD§### v
#XR§§#v.#
##{§§..... #§@##
.. #..X{Y§{# . #
#
...#*§XRs§3..v..
.v . #§§§§§#v§.
.# . #
#§§§#.§#§§##
....#.####§†.
.v# .#..#####
#.†. # ##. .
v#..vvhv.. . .#.
#v. .. .


You could see a bone dragon (corroded), a hellephant (webbed, poisoned), 3
starcursed masses, a tentacled starspawn, a wretched star, a rakshasa, a flayed
ghost, 3 spatial vortices, 2 large abominations, 2 sixfirhies, an efreet
(extremely poisoned, ally target) and a friendly redback (summoned, extremely
poisoned, misshapen).

Vanquished Creatures
  the Royal Jelly (Slime:5)
  the Lernaean hydra (Swamp:4)
  Zenata (Elf:2)
  Jorgrun (Spider:2)
  A deep elf blademaster (Elf:3)
  15 acid blobs
  A tentacled starspawn (Abyss:6)
  A thorn hunter (Swamp:3)
  7 rockslimes
  4 azure jellies (Slime:5)
  2 emperor scorpions
  A frost giant (D:15)
  A deep elf sorcerer (Elf:3)
  A ghost moth (Spider:3)
  An orc warlord (Orc:2)
  An ironbound preserver (D:13)
  A draconian shifter (Abyss:3)
  A cacodemon (Abyss:6)
  9 quicksilver oozes
  7 formless jellyfish
  6 broodmothers
  3 eleionomae
  A spark wasp (Spider:4)
  A minotaur (Gauntlet)
  Azrael (Elf:2)
  11 starcursed masses
  3 deep elf death magi
  A fire dragon (D:14)
  5 entropy weavers
  2 great orbs of eyes (Slime:5)
  An ice dragon (D:14)
  A rakshasa (Abyss:4)
  A jorogumo (Spider:4)
  The ghost of Xesmix the Bewitcher, a journeyman FeEn of Uskayaw (D:14)
  A ghost crab (Swamp:3)
  15 hydras
  14 centaur warriors
  A spriggan air mage (Swamp:1)
  5 boulder beetles
  7 alligators
  3 radroaches
  4 catoblepae
  2 two-headed ogres
  2 death knights
  25 dancing weapons
  A hell hog (Gauntlet)
  5 death yaks
  5 tengu warriors
  A deep troll earth mage (D:14)
  5 demonic crawlers
  5 thrashing horrors (Abyss:6)
  2 orc high priests (Orc:2)
  A wretched star (Abyss:6)
  9 deep elf knights
  A skyshark (Lair:3)
  2 spatial maelstroms (Abyss:6)
  3 sun moths
  A death drake (Gauntlet)
  A goliath frog (Swamp:4)
  3 sixfirhies
  6 pharaoh ants
  4 skeletal warriors (D:15)
  Lodul (D:12)
  48 slime creatures
  5 orb spiders
  A spriggan druid (Swamp:4)
  A flayed ghost (D:14)
  5 bog bodies
  2 steelbarb worms
  11 swamp dragons
  A glowing orange brain (Slime:5)
  2 deep elf archers
  A phantasmal warrior (D:14)
  3 orc knights
  Pikel (D:5)
  8 orc sorcerers (Orc:2)
  5 deep elf zephyrmancers
  7 will-o-the-wisps
  11 deep elf pyromancers
  2 worldbinders
  2 shining eyes
  8 ugly things
  20 wolf spiders
  2 cyclopes
  A moth of wrath (Spider:4)
  7 manticores
  5 elephants
  2 centaur zombies (Gauntlet)
  2 smoke demons (Abyss:6)
  A torpor snail (Spider:2)
  3 gargoyles
  22 cane toads
  A komodo dragon (shapeshifter) (D:15)
  A rime drake (shapeshifter) (D:14)
  4 rime drakes
  An unseen horror (D:12)
  3 freezing wraiths
  6 komodo dragons
  3 kobold demonologists
  2 ancient zymes (Abyss:6)
  4 trolls
  A bloated husk (Swamp:3)
  14 large abominations
  6 meliai
  20 tarantellas
  6 tyrant leeches
  28 blink frogs
  4 hornets
  11 raiju
  24 jumping spiders
  6 dream sheep
  3 vampires
  A centaur simulacrum (D:14)
  Sigmund (D:3)
  A spriggan (shapeshifter) (Elf:2)
  2 air elementals
  2 spriggans
  4 shadows
  3 water elementals
  8 culicivoras
  3 wraiths
  A ynoxinul (Abyss:6)
  20 yaks
  The ghost of knees the Cudgeller, an amateur DrBe of Trog (D:3)
  A fire bat (Gauntlet)
  Eustachio (D:3)
  2 steam dragons (D:8)
  3 fire elementals
  2 basilisks
  6 golden eyes
  15 vampire mosquitoes
  A wyvern (Lair:3)
  36 redbacks
  2 chaos spawn
  11 swamp worms
  6 wargs
  2 acid dragons (D:13)
  3 spatial vortices (Abyss:6)
  5 hell hounds
  10 water moccasins
  30 orc warriors
  2 black bears
  5 swamp drakes (Swamp:4)
  21 ogres
  13 centaurs
  A lemure (D:5)
  A phantom (D:5)
  2 kobold brigands (D:11)
  12 bullfrogs
  A scorpion (D:4)
  4 small abominations (D:9)
  6 wights
  12 killer bees
  4 howler monkeys
  7 electric eels
  A jelly (D:4)
  2 gnoll boudas
  26 orc priests
  Crazy Yiuf (D:3)
  2 hounds
  A sleepcap (D:4)
  Jessica (D:3)
  Natasha (thrice) (D:3)
  Ijyb (D:5)
  18 orc wizards
  A mummy (Ossuary)
  6 gnolls
  6 adders
  A shadow imp (D:7)
  An ufetubus (D:5)
  2 worms
  2 dart slugs
  83 orcs
  2 spectral bats (Ossuary)
  9 bats
  4 endoplasms
  4 giant cockroaches
  6 gnoll zombies (Ossuary)
  9 goblins
  13 hobgoblins
  3 quokkas
  9 ball pythons
  4 bat simulacra (Ossuary)
  2 frilled lizards
  5 goblin simulacra (Ossuary)
  A goblin zombie (Ossuary)
  4 hobgoblin zombies (Ossuary)
  14 kobolds
  A kobold simulacrum (Ossuary)
  3 kobold zombies (Ossuary)
  4 orc zombies (Ossuary)
  6 rats
  4 rat simulacra (Ossuary)
  2 spectral goblins (Ossuary)
  5 spectral kobolds (Ossuary)
  2 spectral rats (Ossuary)
1116 creatures vanquished.

Vanquished Creatures (collateral kills)
  10 acid blobs
  A tentacled starspawn (Abyss:3)
  Roxanne (Spider:3)
  Aizul (Spider:2)
  3 rockslimes
  2 emperor scorpions
  A deep elf sorcerer (Elf:3)
  2 ghost moths
  A deep elf elementalist (Elf:2)
  3 quicksilver oozes (Slime:5)
  A broodmother (Spider:2)
  A formless jellyfish (Slime:4)
  A deep elf demonologist (Abyss:6)
  An eleionoma (Swamp:1)
  Snorg (D:10)
  A deep elf high priest (Elf:3)
  4 entropy weavers
  3 great orbs of eyes
  6 hydras
  A radroach (Spider:2)
  2 alligators
  A jorogumo (Spider:3)
  2 centaur warriors (D:15)
  2 two-headed ogres
  3 dancing weapons (Elf:2)
  A death yak (Lair:3)
  2 thrashing horrors (Abyss:6)
  4 orc high priests
  2 demonic crawlers
  A spriggan berserker (Swamp:4)
  2 deep elf knights
  A wretched star (Abyss:6)
  A goliath frog (Swamp:1)
  5 pharaoh ants
  A skeletal warrior (D:14)
  A skyshark (Lair:5)
  3 bog bodies
  3 glowing orange brains
  11 orb spiders
  A wizard (D:9)
  2 swamp dragons (Swamp:4)
  2 deep elf archers
  3 steelbarb worms
  2 deep elf zephyrmancers (Elf:2)
  11 wolf spiders
  11 deep elf pyromancers
  2 orc knights
  An orc sorcerer (Elf:2)
  3 shining eyes
  2 cyclopes
  3 ugly things
  A spectral centaur (Gauntlet)
  3 moths of wrath
  2 elephants (Lair:4)
  An apocalypse crab (Abyss:4)
  3 torpor snails
  Joseph (Lair:1)
  7 cane toads
  A smoke demon (Abyss:3)
  A kobold demonologist (D:13)
  2 komodo dragons
  2 freezing wraiths
  An unseen horror (shapeshifter) (D:15)
  An ancient zyme (Abyss:6)
  A tengu conjurer (D:14)
  5 trolls
  6 tyrant leeches
  A polar bear (Lair:5)
  2 wolf spider simulacra
  17 tarantellas
  10 blink frogs
  8 raiju
  5 dream sheep
  35 slime creatures
  22 jumping spiders
  14 culicivoras
  An air elemental (Elf:2)
  4 shadows
  A vampire (D:13)
  11 yaks
  A ynoxinul (Abyss:6)
  9 golden eyes
  2 fire elementals (Elf:2)
  32 redbacks
  A fire bat (Gauntlet)
  2 neqoxecs (Abyss:6)
  2 wargs
  5 vampire mosquitoes
  4 swamp worms
  2 spatial vortices (Abyss:6)
  A hell hound (Elf:2)
  Duvessa (D:6)
  A floating eye (Slime:3)
  11 large abominations
  4 water moccasins
  2 ice beasts (D:6)
  10 orc warriors
  A swamp drake (Swamp:1)
  A black bear (D:8)
  3 centaurs
  5 ogres
  3 starcursed masses (Abyss:6)
  8 bullfrogs
  2 earth elementals
  A scorpion (D:6)
  A gnoll sergeant (D:5)
  5 wights
  Dowan (D:6)
  5 killer bees
  5 small abominations
  4 electric eels
  A quasit (Abyss:3)
  A jelly (D:6)
  7 orc priests
  4 orc wizards
  3 gnolls
  An ufetubus (D:6)
  49 orcs
  2 bats (Orc:1)
  6 gnoll zombies (Ossuary)
  A bat simulacrum (Ossuary)
  3 goblin zombies (Ossuary)
  A hobgoblin zombie (Ossuary)
  2 orc zombies (Ossuary)
  A spectral rat (Ossuary)
  A lurking horror (Abyss:6)
523 creatures vanquished.

Vanquished Creatures (others)
  A thrashing horror (Abyss:6)
  A raiju (Abyss:6)
  A culicivora (Spider:4)
  2 redbacks (Spider:4)
  A hell hound (Elf:2)
  32 battlemagi
  An orc wizard (D:3)
  2 ancestors (D:5)
  2 orcs (Orc:2)
  17 foxfires
  A lurking horror (Abyss:6)
  2 starspawn tentacles (Abyss:3)
63 creatures vanquished.

Grand Total: 1702 creatures vanquished

Notes
Turn   | Place    | Note
-------+----------+-------------------------------------------
     0 | D:1      | Newt the Gargoyle Fighter began the quest for the Orb.
     0 | D:1      | Reached XP level 1. HP: 14/14 MP: 1/1
   263 | D:1      | Reached XP level 2. HP: 13/20 MP: 2/2
   710 | D:1      | Reached XP level 3. HP: 24/24 MP: 3/3
  1080 | D:2      | Reached skill level 5 in Fighting
  1150 | D:2      | You fall into a shaft and drop 2 floors!
  1526 | D:3      | Found a hazy altar of Hepliaklqana.
  1553 | D:3      | Became a worshipper of Hepliaklqana the Forgotten
  1598 | D:3      | Found a sparkling altar of Nemelex Xobeh.
  1598 | D:3      | Found a shadowy altar of Dithmenos.
  1725 | D:3      | Reached XP level 4. HP: 22/31 MP: 4/4
  1762 | D:3      | Noticed Natasha
  1777 | D:3      | Killed Natasha
  1806 | D:3      | Found a runed translucent door.
  1806 | D:3      | Noticed knees's ghost (amateur DrBe)
  1831 | D:3      | Found a bloodstained altar of Trog.
  1831 | D:3      | Found a shimmering altar of Xom.
  1831 | D:3      | Found a blossoming altar of Fedhas.
  1831 | D:3      | Found a hazy altar of Hepliaklqana.
  1831 | D:3      | Found a glowing golden altar of the Shining One.
  1831 | D:3      | Found an ornate altar of the Wu Jian Council.
  1881 | D:3      | Noticed Jessica
  1887 | D:3      | Killed Jessica
  1940 | D:3      | Found a runed translucent door.
  1941 | D:3      | Noticed Crazy Yiuf
  1962 | D:3      | Noticed Natasha
  1970 | D:3      | Killed Natasha
  1971 | D:3      | Reached XP level 5. HP: 26/35 MP: 5/5
  2018 | D:3      | Noticed Natasha
  2024 | D:3      | Killed Natasha
  2037 | D:3      | Noticed Sigmund
  2054 | D:3      | Killed Sigmund
  2055 | D:3      | Reached skill level 5 in Armour
  2055 | D:3      | Reached XP level 6. HP: 10/40 MP: 6/6
  2840 | D:3      | Killed knees's ghost
  2841 | D:3      | Reached XP level 7. HP: 47/47 MP: 7/7
  3045 | D:3      | Killed Crazy Yiuf
  3127 | D:4      | Noticed Eustachio
  3173 | D:3      | Killed Eustachio
  3495 | D:4      | Found a blossoming altar of Fedhas.
  3568 | D:4      | Found a glowing silver altar of Zin.
  3971 | D:4      | Reached XP level 8. HP: 54/54 MP: 8/8
  4013 | D:4      | Found a sacrificial altar of Ru.
  4119 | D:4      | Reached skill level 6 in Armour
  4237 | D:4      | Found a glowing golden altar of the Shining One.
  4302 | D:5      | Entered Level 5 of the Dungeon
  4365 | D:5      | Reached * piety under Hepliaklqana
  4566 | D:5      | Noticed Pikel
  4567 | D:5      | Noticed Ijyb
  4590 | D:5      | Killed Pikel
  4591 | D:5      | Reached skill level 8 in Armour
  4598 | D:5      | Killed Ijyb
  4599 | D:5      | Reached skill level 5 in Maces & Flails
  4721 | D:5      | Found a staircase to the Ecumenical Temple.
  4815 | D:5      | Found an ornate altar of the Wu Jian Council.
  4815 | D:5      | Found a radiant altar of Vehumet.
  4816 | D:5      | Found an opulent altar of Gozag.
  4817 | D:5      | Found a stormy altar of Qazlal.
  4889 | D:5      | Reached skill level 1 in Evocations
  4889 | D:5      | Reached XP level 9. HP: 12/53 MP: 9/9
  5473 | D:6      | Found Diwefaon's Desiderata Depot.
  5502 | D:6      | Found a sand-covered staircase.
  5508 | D:6      | Reached ** piety under Hepliaklqana
  5527 | D:6      | Remembered your ancestor Kaya as a battlemage
  5537 | Ossuary  | Entered an ossuary
  6183 | D:6      | Noticed Duvessa
  6184 | D:6      | Noticed Dowan
  6190 | D:6      | Killed Duvessa
  6196 | D:6      | Killed Dowan
  6299 | D:6      | Reached skill level 5 in Evocations
  6310 | D:6      | Gained mutation: Your spells are a little easier to cast,
                  | but a little less powerful. [potion of mutation]
  6310 | D:6      | Gained mutation: You are robust. (+10% HP) [potion of
                  | mutation]
  6310 | D:6      | Gained mutation: Your magical capacity is low. (-10% MP)
                  | [potion of mutation]
  6310 | D:6      | Gained mutation: You are agile. (Dex +4, Str/Int -1)
                  | [potion of mutation]
  6729 | D:7      | Reached skill level 5 in Shields
  7007 | D:7      | Identified the +0 leather armour "Ungeat" {Str+3}
  7200 | D:8      | Reached XP level 10. HP: 64/64 MP: 9/9
  7835 | D:8      | Reached *** piety under Hepliaklqana
  8457 | D:9      | Reached skill level 10 in Maces & Flails
  8499 | D:9      | Found a flagged portal.
  8508 | Bailey   | Entered a bailey
  8684 | Bailey   | Noticed an orc knight
  8714 | Bailey   | Killed an orc knight
  8715 | Bailey   | Reached skill level 9 in Armour
  8715 | Bailey   | Reached XP level 11. HP: 24/68 MP: 9/9
  8899 | Bailey   | Identified the +0 helmet of the Hart {rElec rN+ Str-3}
  9056 | D:9      | Reached skill level 10 in Armour
  9168 | D:9      | Found a staircase to the Lair.
  9355 | D:9      | Noticed a wizard
  9359 | D:9      | Killed a wizard
  9369 | D:9      | Reached skill level 11 in Armour
  9808 | D:10     | Entered Level 10 of the Dungeon
  9897 | D:10     | Noticed a red ugly thing
  9904 | D:10     | Killed a red ugly thing
  9925 | D:10     | Reached skill level 12 in Armour
 10027 | D:10     | Reached **** piety under Hepliaklqana
 10182 | D:10     | Found a white marble altar of Elyvilon.
 10622 | D:11     | Noticed Snorg
 10622 | D:11     | Noticed a cyclops
 10883 | D:10     | Killed Snorg
 11016 | D:11     | Noticed a deep elf pyromancer
 11021 | D:11     | Killed a cyclops
 11027 | D:11     | Killed a deep elf pyromancer
 11131 | D:11     | Found a runed translucent door.
 11248 | D:11     | Found a staircase to the Orcish Mines.
 11288 | D:11     | Reached XP level 12. HP: 73/73 MP: 10/10
 11712 | D:11     | Noticed a +4 vampiric demon whip
 11726 | D:11     | Killed a +4 vampiric demon whip
 11894 | D:12     | Noticed a two-headed ogre
 11902 | D:12     | Killed a two-headed ogre
 11933 | D:12     | Reached ***** piety under Hepliaklqana
 12080 | D:12     | Noticed Lodul
 12128 | D:12     | Killed Lodul
 12410 | D:12     | Found a portal to a secret trove of treasure.
 12475 | Trove    | Entered a treasure trove
 12515 | Trove    | Identified the amulet of the Chupacabra {Faith rCorr
                  | Stlth+}
 12518 | Trove    | Identified the ring of Finality {Ice rN+ rCorr Str+4}
 13163 | D:13     | Noticed a boulder beetle
 13186 | D:13     | Killed a boulder beetle
 13193 | D:13     | Noticed a centaur warrior
 13203 | D:13     | Killed a centaur warrior
 13208 | D:13     | Noticed a centaur warrior
 13222 | D:13     | Killed a centaur warrior
 13277 | D:13     | Noticed a centaur warrior
 13294 | D:13     | Killed a centaur warrior
 13351 | D:13     | Reached XP level 13. HP: 72/78 MP: 11/11
 13393 | D:13     | Identified the +2 scale mail of the Armadillo {Fly Int-3
                  | Dex+8}
 13497 | D:13     | Reached skill level 10 in Evocations
 13721 | D:13     | Found a gate to the Vaults.
 13721 | D:13     | Noticed an ironbound preserver
 13740 | D:13     | Killed an ironbound preserver
 13741 | D:13     | Reached skill level 10 in Fighting
 14410 | Lair:1   | Entered Level 1 of the Lair of Beasts
 14520 | Lair:1   | Noticed Joseph
 14530 | Lair:1   | Killed Joseph
 15099 | Lair:1   | Reached skill level 1 in Invocations
 15431 | Lair:2   | Found a staircase to the Swamp.
 15486 | Lair:2   | Reached skill level 5 in Invocations
 15574 | Lair:2   | Found a shadowy altar of Dithmenos.
 15584 | Lair:2   | Gained mutation: Your large and strong wings let you fly.
                  | [Gargoyle growth]
 15584 | Lair:2   | Reached XP level 14. HP: 92/92 MP: 16/16
 16500 | Lair:3   | Found a hole to the Spider Nest.
 17531 | Lair:4   | Found a viscous altar of Jiyva.
 17532 | Lair:4   | Found a staircase to the Slime Pits.
 17933 | Lair:5   | Entered Level 5 of the Lair of Beasts
 18004 | Lair:5   | Reached skill level 15 in Fighting
 18045 | Lair:5   | Reached XP level 15. HP: 103/103 MP: 19/19
 18166 | Lair:5   | Reached skill level 13 in Armour
 18226 | Lair:5   | Found the +8 longbow "Zephyr" {speed, Dex+3 SInv}
 18241 | Lair:5   | Identified the amulet "Xaos" {Regen+ Str+7 Int-2}
 18474 | Lair:5   | Reached skill level 14 in Armour
 19235 | D:14     | Noticed Xesmix's ghost (journeyman FeEn)
 19243 | D:14     | Found a transporter.
 19248 | D:14     | Found a transporter.
 19302 | D:14     | Found a gate leading to a gauntlet.
 19311 | Gauntlet | Entered a Gauntlet
 19311 | Gauntlet | Found a transporter.
 19311 | Gauntlet | Found a runed translucent door.
 19329 | Gauntlet | Found a runed translucent door.
 19331 | Gauntlet | Found a transporter.
 19335 | Gauntlet | Found a transporter.
 19343 | Gauntlet | Found a transporter.
 19347 | Gauntlet | Found a transporter.
 19355 | Gauntlet | Found a transporter.
 19359 | Gauntlet | Found a transporter.
 19370 | Gauntlet | Found a transporter.
 19371 | Gauntlet | Found a transporter.
 19379 | Gauntlet | Found a transporter.
 19410 | Gauntlet | Found a transporter.
 19422 | Gauntlet | Found a transporter.
 19435 | Gauntlet | Found a transporter.
 19447 | Gauntlet | Found a transporter.
 19618 | Gauntlet | Reached skill level 15 in Armour
 19691 | D:14     | Lost mutation: Your spells are a little easier to cast, but
                  | a little less powerful. [potion of mutation]
 19691 | D:14     | Lost mutation: You are robust. (+10% HP) [potion of
                  | mutation]
 19691 | D:14     | Lost mutation: Your magical capacity is low. (-10% MP)
                  | [potion of mutation]
 19691 | D:14     | Gained mutation: Your flesh is heat resistant. (rF+)
                  | [potion of mutation]
 19869 | D:14     | Reached skill level 16 in Armour
 19873 | D:14     | Identified the +1 ring mail "Cotuoh" {rElec Int+2}
 19985 | D:14     | Identified the +0 leather armour "Okhlio Lufoo" {rN++ Str-5
                  | Slay+2}
 20327 | D:14     | Killed Xesmix's ghost
 20328 | D:14     | Reached XP level 16. HP: 77/97 MP: 22/22
 20360 | D:14     | Identified a scroll of acquirement
 20361 | D:14     | Acquired a manual of Armour
 20398 | D:15     | Entered Level 15 of the Dungeon
 20445 | D:15     | Reached skill level 10 in Shields
 20539 | D:15     | Found Pyef Jiuri's Armour Emporium.
 20582 | D:15     | Found a staircase to the Depths.
 20694 | D:15     | Reached skill level 17 in Armour
 20757 | D:15     | Found Setapruxt's Antique Weapon Emporium.
 20870 | D:15     | Reached skill level 18 in Armour
 21116 | D:15     | Bought a +1 pair of gloves of strength for 247 gold pieces
 21245 | Orc:1    | Entered Level 1 of the Orcish Mines
 21315 | Orc:2    | Entered Level 2 of the Orcish Mines
 21627 | Orc:2    | Reached skill level 19 in Armour
 21731 | Orc:2    | Found Japnunya's Assorted Antiques.
 21746 | Orc:2    | Bought a shiny opal ring for 100 gold pieces
 21754 | Orc:2    | Found Vuetti Mole's Antique Armour Shop.
 22120 | Orc:2    | Found a staircase to the Elven Halls.
 22221 | Orc:2    | Paralysed by an orc sorcerer for 3 turns
 22233 | Orc:2    | Reached skill level 20 in Armour
 22286 | Orc:2    | Found Konkej's Jewellery Shop.
 22434 | Orc:2    | Found Qepolup's Antique Armour Shoppe.
 22479 | Orc:2    | Bought a twisted cloak for 228 gold pieces
 22479 | Orc:2    | Identified the +1 cloak "Haucij" {Int+6 SInv} (You bought
                  | it in a shop on level 2 of the Orcish Mines)
 22733 | Orc:2    | Bought a +4 ring of slaying for 1092 gold pieces
 22836 | Orc:1    | Reached skill level 21 in Armour
 23386 | Swamp:1  | Entered Level 1 of the Swamp
 23632 | Swamp:1  | Reached XP level 17. HP: 101/101 MP: 23/23
 24066 | Swamp:2  | Reached skill level 22 in Armour
 24477 | Swamp:3  | Reached ****** piety under Hepliaklqana
 24948 | Swamp:4  | Entered Level 4 of the Swamp
 25066 | Swamp:4  | Noticed the 27-headed Lernaean hydra
 25076 | Swamp:4  | Killed the 27-headed Lernaean hydra
 25203 | Swamp:4  | Got a decaying rune of Zot
 25738 | Spider:1 | Entered Level 1 of the Spider Nest
 26022 | Spider:1 | Reached XP level 18. HP: 107/107 MP: 24/24
 26760 | Spider:2 | Reached skill level 15 in Evocations
 27072 | Spider:2 | Noticed Aizul
 27083 | Spider:2 | Killed Aizul
 27258 | Spider:2 | Noticed Jorgrun
 27267 | Spider:2 | Killed Jorgrun
 27402 | Spider:3 | Reached skill level 15 in Maces & Flails
 27633 | Spider:3 | Reached XP level 19. HP: 111/111 MP: 25/25
 27800 | Spider:3 | Lost mutation: You are agile. (Dex +4, Str/Int -1)
                  | [mutagenic glow]
 27811 | Spider:3 | Gained mutation: You occasionally lose the ability to read
                  | scrolls when taking damage. [mutagenic glow]
 28184 | Spider:3 | Noticed Roxanne
 28220 | Spider:3 | Killed Roxanne
 28539 | Spider:4 | Entered Level 4 of the Spider Nest
 28697 | Spider:4 | Reached XP level 20. HP: 50/116 MP: 26/26
 29389 | Spider:4 | Found the -2 hat of the Alchemist {rElec rPois rF+ rC+ rN+
                  | Will+ rMut rCorr}
 29395 | Spider:4 | Got a gossamer rune of Zot
 29813 | Slime:1  | Entered Level 1 of the Pits of Slime
 30143 | Slime:2  | Gained mutation: You do not regenerate when monsters are
                  | visible. [a shining eye]
 30204 | Slime:2  | Gained mutation: You occasionally lose the ability to drink
                  | potions when taking damage. [a shining eye]
 30205 | Slime:2  | Gained mutation: You are frail. (-10% HP) [a shining eye]
 30281 | Slime:1  | Lost mutation: You occasionally lose the ability to drink
                  | potions when taking damage. [potion of mutation]
 30281 | Slime:1  | Lost mutation: You do not regenerate when monsters are
                  | visible. [potion of mutation]
 30281 | Slime:1  | Lost mutation: You are frail. (-10% HP) [potion of
                  | mutation]
 30281 | Slime:1  | Gained mutation: You have hidden genetic potential. [potion
                  | of mutation]
 30281 | Slime:1  | Gained mutation: You have sharp toenails. [potion of
                  | mutation]
 30281 | Slime:1  | Gained mutation: Your flesh is very heat resistant. (rF++)
                  | [potion of mutation]
 30901 | Slime:2  | Reached skill level 1 in Spellcasting
 31250 | Slime:3  | Paralysed by a floating eye for 4 turns
 31266 | Slime:3  | Lost mutation: You have hidden genetic potential. [a
                  | shining eye]
 31765 | Slime:4  | Reached skill level 5 in Spellcasting
 32055 | Slime:5  | Entered Level 5 of the Pits of Slime
 32079 | Slime:5  | Gained mutation: You are occasionally teleported next to
                  | monsters. [a shining eye]
 32099 | Slime:5  | Gained mutation: Your mind is acute. (Int +4, Str/Dex -1)
                  | [a shining eye]
 32172 | Slime:5  | Reached XP level 21. HP: 116/120 MP: 31/31
 32412 | Slime:5  | Noticed the Royal Jelly
 32431 | Slime:5  | Killed the Royal Jelly
 33008 | Slime:5  | Identified the ring of Mava {Fire rPois MP+9}
 33011 | Slime:5  | Got a slimy rune of Zot
 33070 | Slime:5  | Identified the staff "Duskau" {rPois rN+++ rCorr Int-2
                  | Dex-5 Poison}
 33072 | Slime:5  | Identified the +6 glaive of the Sheltering Moth {freeze,
                  | *Noise rN+ Will+++ SInv}
 33776 | Elf:1    | Entered Level 1 of the Elven Halls
 33841 | Elf:1    | Paralysed by an air elemental for 1 turns
 34033 | Elf:1    | Reached skill level 10 in Spellcasting
 34140 | Elf:1    | Found Ukhew's Weapon Shoppe.
 34190 | Elf:1    | Reached skill level 1 in Earth Magic
 34201 | Elf:1    | Reached skill level 1 in Hexes
 34413 | Elf:2    | Paralysed by an air elemental for 1 turns
 34418 | Elf:2    | Paralysed by an air elemental for 1 turns
 34510 | Elf:2    | Noticed Azrael
 34520 | Elf:2    | Killed Azrael
 34641 | Elf:2    | Found a runed translucent gate.
 34642 | Elf:2    | Found a runed translucent gate.
 34642 | Elf:2    | Found a runed translucent gate.
 34667 | Elf:2    | Lost mutation: Your mind is acute. (Int +4, Str/Dex -1)
                  | [potion of mutation]
 34667 | Elf:2    | Lost mutation: You are occasionally teleported next to
                  | monsters. [potion of mutation]
 34667 | Elf:2    | Lost mutation: You have sharp toenails. [potion of
                  | mutation]
 34668 | Elf:2    | Lost mutation: You occasionally lose the ability to read
                  | scrolls when taking damage. [potion of mutation]
 34668 | Elf:2    | Lost mutation: Your flesh is very heat resistant. (rF++)
                  | [potion of mutation]
 34668 | Elf:2    | Lost mutation: Your flesh is heat resistant. (rF+) [potion
                  | of mutation]
 34668 | Elf:2    | Gained mutation: You occasionally lose the ability to drink
                  | potions when taking damage. [potion of mutation]
 34669 | Elf:2    | Lost mutation: You occasionally lose the ability to drink
                  | potions when taking damage. [potion of mutation]
 34669 | Elf:2    | Gained mutation: You have a pair of small antennae on your
                  | head. [potion of mutation]
 34669 | Elf:2    | Gained mutation: Your flesh is cold resistant. (rC+)
                  | [potion of mutation]
 34669 | Elf:2    | Gained mutation: You are covered in fur. (AC +1) [potion of
                  | mutation]
 34705 | Elf:2    | Reached skill level 5 in Earth Magic
 34791 | Elf:2    | Noticed Zenata
 34819 | Elf:2    | Killed Zenata
 35011 | Elf:2    | Reached skill level 5 in Hexes
 35942 | Elf:3    | Entered Level 3 of the Elven Halls
 35942 | Elf:3    | Found Jeyhyve's Assorted Antiques.
 35970 | Abyss:3  | Cast into level 3 of the Abyss (a deep elf sorcerer)
 36019 | Elf:3    | Escaped the Abyss
 36054 | Abyss:3  | Cast into level 3 of the Abyss (a deep elf sorcerer)
 36229 | Abyss:3  | Learned a level 4 spell: Leda's Liquefaction
 36250 | Abyss:3  | Reached XP level 22. HP: 125/126 MP: 36/36
 36453 | Abyss:5  | Found a corrupted altar of Lugonu.
 36483 | Abyss:5  | Noticed a dread lich
 36486 | Abyss:5  | Paralysed by something for 3 turns
 36503 | Abyss:6  | Found a corrupted altar of Lugonu.
 36668 | Abyss:6  | Reached skill level 10 in Earth Magic
 36690 | Abyss:6  | Noticed an ancient lich
 36750 | Abyss:6  | Killed from afar by an ancient lich

Illustrated notes

Levels and vault maps discovered:
D:1:      erik_arrival_blinker_ship, layout_basic,
          amcnicky_mini_rare_corridor_liquid
D:2:      layout_loops_ring
D:3:      layout_loops_ring, doesnt_xom_only_xom,
          worldfamousw_hep_ancestral_shrine, gammafunk_temple_overflow_wave,
          gammafunk_ghost_grave, uniq_crazy_yiuf_cottage, uniq_natasha,
          uniq_jessica, uniq_sigmund
D:4:      corexii_shack_village, layout_loops_ring,
          nicolae_ru_sacrificial_ziggurat, lemuel_doored_altar, fedhas_altar_3,
          nicolae_overflow_hidden_temple, uniq_eustachio
D:5:      layout_basic, grunt_temple_overflow_open, temple_doors_cd, uniq_ijyb,
          uniq_pikel
D:6:      layout_rooms, enter_ossuary_3, nicolae_alphabet_shops,
          nicolae_kite_square_tiling_tiny, uniq_duvessa
D:7:      layout_cave_pools
D:8:      layout_basic, kennysheep_decorative_pillar
D:9:      layout_rooms, david_lair_shrubbed, serial_rivers,
          chequers_serial_rivers_small_3, chequers_serial_rivers_micro_c,
          chequers_serial_rivers_micro_d, chequers_serial_rivers_micro_c,
          chequers_serial_rivers_room_b, enter_bailey_8, laboratory
D:10:     layout_basic, elyvilon_altar_4, kennysheep_cluttered_room
D:11:     layout_basic, david_orc_3, nicolae_danse_macabre, uniq_snorg
D:12:     layout_basic, enter_trove_6, uniq_lodul
D:13:     layout_basic, skrybe_vaults_entry_preservation,
          chequers_serial_rivers_micro_a
D:14:     layout_basic, gammafunk_ghost_arena, gauntlet_entry_generic,
          serial_bayou_lagoon_a, minmay_the_grid_square_5x5_3x3_mashed
          [minmay_the_grid_square_5x5_meh,
          minmay_the_grid_square_5x5_doubleslash,
          minmay_the_grid_square_5x5_hourglass,
          minmay_the_grid_square_5x5_two_walls_b,
          minmay_the_grid_square_5x5_megaprize_crossed,
          minmay_the_grid_square_5x5_half_checkered,
          minmay_the_grid_square_5x5_dogpile, minmay_the_grid_square_5x5_eight,
          minmay_the_grid_square_5x5_gyroscope]
D:15:     grunt_enter_depths_snipers, layout_cave_pools, serial_shops, shop,
          shop_coins, chequers_serial_rivers_micro_d
Lair:1:   layout_regular_city, grunt_megastairs_5, uniq_joseph
Lair:2:   layout_cellular_growth, nicolae_swamp_entry_splash_gauntlet,
          basic_altar, dreamdust_gnoll_shepherd
Lair:3:   layout_big_grid, hellmonk_spider_entry_not_the_bees, serial_forest,
          infiniplex_forest_lined_ring, infiniplex_forest_straight_3,
          infiniplex_forest_fountain, infiniplex_forest_straight_5,
          infiniplex_forest_clump_large, infiniplex_forest_clump_small,
          minivault_24, grunt_megastairs_3
Lair:4:   layout_cave_pods, dpeg_slime_entry_corner
Lair:5:   minmay_lair_end_frog_pond, layout_regular_city, serial_bayou_shore_a
Swamp:1:  layout_falls_marsh, hangedman_swamp_lotus, infiniplex_staircase_pool_2
Swamp:2:  layout_basic_swamp, nicolae_swamp_oxbows
Swamp:3:  layout_falls_marsh, evilmike_swamp_ruin_rubble_1
Swamp:4:  swamp_old_school, layout_basic_swamp
Spider:1: layout_spider_delve
Spider:2: layout_spider_delve, uniq_aizul, uniq_jorgrun
Spider:3: nicolae_spider_hilbert_zone_5 [nicolae_spider_hilbert_3_sides_1_open,
          nicolae_spider_hilbert_4_sides_1_open,
          nicolae_spider_hilbert_4_sides_1_open,
          nicolae_spider_hilbert_6_sides_1_open,
          nicolae_spider_hilbert_6_sides_1_open], uniq_roxanne
Spider:4: hellmonk_spider_rune_endless_swarm, guppyfry_spider_mini_3
Slime:1:  layout_caves
Slime:2:  layout_caves
Slime:3:  layout_caves
Slime:4:  layout_caves
Slime:5:  slime_pit
Orc:1:    layout_diamond_mine, roderic_batcave, statue_in_the_mist_lemuel
Orc:2:    pubby_orc_utopia
Elf:1:    layout_loops_cross, serial_shops, nicolae_shop_tiny_glass
Elf:2:    nicolae_elf_blades_splatter_lattice [nicolae_blade_little_rooms],
          layout_loops_cross, nicolae_concentric_dashed_squares_wild,
          wad_dig_loot, uniq_azrael, uniq_zenata
Elf:3:    minmay_elf_hall_quartered_circle, layout_rooms, serial_shops,
          shop_fountains, minmay_shop_star
Abyss:6:  base: Slime:2, evilmike_abyss_exit_2, hangedman_abyss_stitches_cave,
          evilmike_abyss_rune_siren_acolytes, minivault_26

Skill      XL: |  1  2  3  4  5  6  7  8  9 10 11 12 13 14 15 16 17 18 19 20 21 22 |
---------------+-------------------------------------------------------------------+-----
Fighting       | 4 5 6 8 12 15 | 15.0
Maces & Flails | 4 6 10 12 14 16 17 20 | 20.0
Armour         | 5 8 9 12 16 21 22 | 22.0
Evocations     | 1 6 8 10 13 15 | 15.0
Shields        | 6 8 10 | 10.0
Invocations    | 5 9 |  9.0
Spellcasting   | 6 10 | 10.0
Earth Magic    | 8 10 | 10.8
Hexes          | 6 8 |  8.3

Action                     |  1- 3 |  4- 6 |  7- 9 | 10-12 | 13-15 | 16-18 | 19-21 | 22-24 || total
---------------------------+-------+-------+-------+-------+-------+-------+-------+-------++-------
  Melee: Flail             |    55 |       |       |   189 |       |       |       |       ||   244
         Whip              |    55 |    52 |   439 |    78 |       |       |       |       ||   624
         Morningstar       |       |       |     5 |    64 |       |       |       |       ||    69
         Demon whip        |       |       |       |   164 |  1153 |  1364 |  1333 |   183 ||  4197
   Cast: Leda's Liquefacti |       |       |       |       |       |       |       |     1 ||     1
 Invoke: Recall Ancestor   |       |       |     1 |     1 |     3 |     1 |     7 |     3 ||    16
         Ancestor Life: Ba |       |       |     1 |       |       |       |       |       ||     1
  Evoke: Wand              |       |       |     4 |    11 |     1 |       |     6 |       ||    22
         Phantom mirror    |       |       |       |       |       |     1 |     1 |       ||     2
         Lightning rod     |       |       |       |       |       |       |     5 |       ||     5
         Condenser vane    |       |       |       |       |       |       |     2 |     1 ||     3
    Use: Scroll            |     5 |       |     9 |     7 |     6 |     9 |     8 |     1 ||    45
         Potion            |     1 |     2 |     4 |     4 |     3 |     1 |     9 |     4 ||    28
   Stab: Distracted        |       |       |     3 |     7 |     6 |    14 |    16 |     1 ||    47
         Sleeping          |       |       |       |     1 |       |       |       |       ||     1
         Petrified         |       |       |       |       |     7 |       |       |       ||     7
         Petrifying        |       |       |       |       |     1 |       |       |       ||     1
         Invisible         |       |       |       |       |     1 |       |       |       ||     1
 Armour: Scale mail        |    43 |    10 |   239 |       |       |       |       |       ||   292
         Skin              |       |     1 |     3 |       |       |       |       |       ||     4
         Leather armour    |       |       |     1 |    79 |       |       |       |       ||    80
         Crystal plate arm |       |       |       |   279 |   717 |   813 |   935 |   137 ||  2881
  Dodge: Dodged            |    47 |    15 |   168 |   190 |   204 |   248 |   254 |    52 ||  1178
  Block: Buckler           |    25 |     4 |    95 |   127 |   189 |       |       |       ||   440
         Kite shield       |       |       |       |       |   105 |   858 |   773 |    97 ||  1833

Table legend: (Time is in decaauts)
 A = Elapsed time spent in this place.
 B = Non-inter-level travel time spent in this place.
 C = Inter-level travel time spent in this place.
 D = Time resting spent in this place.
 E = Time spent auto-exploring this place.
 F = Levels seen in this place.
 G = Mean time per level.
                   A        B        C        D        E       F      G
               +--------+--------+--------+--------+--------+-----+--------+
         Total |  34790 |  31833 |   2957 |   4454 |  20306 |  47 |  740.2 |
       Dungeon |  14959 |  13729 |   1230 |   2404 |   8863 |  15 |  997.3 |
          Lair |   4711 |   3998 |    713 |     20 |   3186 |   5 |  942.2 |
         Swamp |   2143 |   2011 |    132 |      0 |   1559 |   4 |  535.8 |
   Spider Nest |   3636 |   3450 |    186 |    512 |   1948 |   4 |  909.0 |
    Slime Pits |   3453 |   3290 |    163 |   1101 |   1581 |   5 |  690.6 |
  Orcish Mines |   1893 |   1639 |    254 |      0 |   1212 |   2 |  946.5 |
   Elven Halls |   2072 |   1796 |    276 |    158 |   1123 |   3 |  690.7 |
         Abyss |    624 |    624 |      0 |    118 |    208 |   5 |  124.8 |
         Trove |     57 |     57 |      0 |      0 |     22 |   1 |   57.0 |
       Ossuary |    425 |    425 |      0 |      0 |    247 |   1 |  425.0 |
        Bailey |    504 |    504 |      0 |    140 |    212 |   1 |  504.0 |
      Gauntlet |    308 |    308 |      0 |      0 |    143 |   1 |  308.0 |
               +--------+--------+--------+--------+--------+-----+--------+

Top non-repeatable levels by time:
     D:3: 1962 daAuts
   Orc:2: 1421 daAuts
Spider:3: 1353 daAuts
   Elf:2: 1351 daAuts
    D:12: 1310 daAuts
    D:10: 1276 daAuts
     D:5: 1145 daAuts
     D:8: 1129 daAuts
     D:9: 1085 daAuts
    D:13: 1073 daAuts
  Lair:5: 988 daAuts
  Lair:2: 967 daAuts
  Lair:3: 945 daAuts
 Slime:5: 941 daAuts
    D:11: 939 daAuts
